 Dungeon Crawl Stone Soup version 0.25-a0-435-g4b9beb1024 (webtiles) character file.

Game seed: 4374485674570481931, levelgen mode: deterministic

200 Emblim88 the Ducker (level 5, 0/24 HPs)
             Began as a Spriggan Venom Mage on Jan 27, 2020.
             Was a Follower of Sif Muna.
             Slain by an adder (4 damage)
             ... in a sewer.
             The game lasted 00:11:19 (2943 turns).

Emblim88 the Ducker (Spriggan Venom Mage)           Turns: 2943, Time: 00:11:19

Health: 0/24       AC:  2    Str:  4    XL:     5   Next: 49%
Magic:  4/12       EV: 20    Int: 18    God:    Sif Muna [*.....]
Gold:   144        SH:  0    Dex: 16    Spells: 9/12 levels left

rFire    x . .     SeeInvis +   e - +0 dagger
rCold    + . .     Gourm    .   (shield restricted)
rNeg     . . .     Faith    .   a - +0 robe
rPois    .         Spirit   .   (helmet restricted)
rElec    .         Reflect  .   (no cloak)
rCorr    .         Harm     .   (gloves unavailable)
MR       .....                  (boots unavailable)
Stlth    +.........             (no amulet)
HPRegen  0.08/turn              g - ring of ice
MPRegen  0.13/turn              (no ring)

@: slow
A: very small, unfitting armour, see invisible, herbivore, speed 3, slow
metabolism 2
a: Channel Magic, Renounce Religion


You were in a sewer.
You worshipped Sif Muna.
Sif Muna was aware of your devotion.
You were hungry.

You visited 1 branch of the dungeon, and saw 3 of its levels.
You also visited: Sewer.

You collected 144 gold pieces.

Inventory:

Hand Weapons
 e - a +0 dagger (weapon)
 j - a +0 hunting sling
Armour
 a - a +0 robe (worn)
Jewellery
 g - a ring of ice (left hand)
 p - a +3 ring of dexterity {unknown}
Scrolls
 b - 2 scrolls of noise {unknown}
 d - 3 scrolls of remove curse {unknown}
 i - 3 scrolls of identify {unknown}
 k - a scroll of teleportation {unknown}
 m - 2 scrolls of enchant weapon {unknown}
 o - a scroll of enchant armour {unknown}
Potions
 h - a potion of magic {unknown}
 l - a potion of berserk rage {unknown}
 n - a potion of ambrosia
Comestibles
 c - 4 rations


   Skills:
 + Level 1.2 Slings
 + Level 4.7 Dodging
 - Level 3.0 Stealth
 + Level 4.2 Spellcasting
 + Level 3.6 Transmutations
 + Level 3.9 Poison Magic


You had 9 spell levels left.
You knew the following spells:

 Your Spells              Type           Power        Failure   Level  Hunger
a - Sting                 Tmut/Pois      ###.         3%          1    None
b - Poisonous Vapours     Pois/Air       ##....       10%         2    ##.....

Your spell library contained the following spells:

 Spells                   Type           Power        Failure   Level  Hunger
 Pain                     Necr           #...         14%         1    None
 Ignite Poison            Fire/Tmut/Pois ##......     16%         3    ###....
 Mephitic Cloud           Conj/Pois/Air  #.......     26%         3    ###....
 Olgreb's Toxic Radiance  Pois           ###.....     28%         4    ####...


Dungeon Overview and Level Annotations

Branches:
Dungeon (3/15)              Sewer (1/1)

Altars:
Ashenzari
Kikubaaqudgha
Okawaru
Sif Muna
Vehumet
Xom


Innate Abilities, Weirdness & Mutations

You are very small and have problems with some larger weapons.
You are too small for most types of armour.
You have supernaturally acute eyesight. (SInv)
You are a herbivore.
You cover ground extremely quickly.
You need to consume almost no food.


Message History

You miss the adder.
The adder is almost dead.
The adder barely misses you.
The ball python bites you but does no damage.
The ball python constricts you. The adder barely misses you.
You hit the adder but do no damage.
The adder is almost dead.
The ball python closely misses you. The ball python constricts you.
The adder closely misses you. The ball python barely misses you.
The ball python constricts you.
Your magical contamination has completely faded away.
You closely miss the adder.
The adder is almost dead.
The adder bites you.
* * * LOW HITPOINT WARNING * * *
The ball python bites you.
* * * LOW HITPOINT WARNING * * *
x2 The ball python constricts you.
You escape the ball python's grasp.
The adder bites you.
You die...

#######################
###÷.≈≈≈≈≈≈≈≈≈≈≈≈≈≈≈....##
##....≈≈≈≈≈≈≈.≈≈≈≈≈≈≈≈....#
#...÷≈≈≈≈≈≈#≈@≈≈≈≈≈≈≈..∩..#
#....≈≈≈≈≈≈SS≈≈≈≈≈≈≈≈≈.∩..#
##....≈≈≈≈≈≈.≈≈≈≈≈≈≈≈≈≈....#
#.....#≈≈≈≈≈≈≈≈≈≈≈≈≈≈≈....##
#....######################
##÷..## #...## #...# #...##


You could see an adder and a ball python.

Vanquished Creatures
  Terence (D:2)
  A hound zombie (D:3)
  A hound skeleton (D:3)
  A river rat (Sewer)
  5 adders
  An adder zombie (D:3)
  An adder skeleton (D:3)
  2 dart slugs (D:1)
  4 worms
  2 leopard geckos
  6 bats
  4 giant cockroaches
  9 goblins
  6 hobgoblins
  A quokka (D:2)
  3 ball pythons (Sewer)
  A ball python skeleton (D:3)
  A ball python zombie (D:3)
  2 frilled lizards (D:2)
  5 kobolds
  A leopard gecko zombie (D:3)
  A quokka zombie (D:3)
  24 rats
83 creatures vanquished.

Notes
Turn   | Place    | Note
-------+----------+-------------------------------------------
     0 | D:1      | Emblim88 the Spriggan Venom Mage began the quest for the
                  | Orb.
     0 | D:1      | Reached XP level 1. HP: 9/9 MP: 5/5
   133 | D:1      | Reached XP level 2. HP: 13/13 MP: 4/6
   137 | D:1      | Learned a level 2 spell: Poisonous Vapours
   691 | D:1      | Reached XP level 3. HP: 16/16 MP: 5/8
  1253 | D:2      | Reached XP level 4. HP: 21/21 MP: 3/10
  1426 | D:2      | Noticed Terence
  1438 | D:2      | Killed Terence
  1625 | D:2      | Found a shimmering altar of Xom.
  1630 | D:2      | Found a white marble altar of Elyvilon.
  1630 | D:2      | Found a shadowy altar of Dithmenos.
  1633 | D:2      | Found a bloodstained altar of Trog.
  1633 | D:2      | Found a snail-covered altar of Cheibriados.
  1633 | D:2      | Found a shattered altar of Ashenzari.
  1817 | D:3      | Found an iron altar of Okawaru.
  1975 | D:3      | Found a shimmering blue altar of Sif Muna.
  1979 | D:3      | Found an ancient bone altar of Kikubaaqudgha.
  1979 | D:3      | Found a radiant altar of Vehumet.
  1984 | D:3      | Identified Kikubaaqudgha's Disquisition on Black Arts
  1997 | D:3      | Became a worshipper of Sif Muna the Loreminder
  2078 | D:3      | Found a shattered altar of Ashenzari.
  2209 | D:3      | Reached XP level 5. HP: 16/24 MP: 10/12
  2455 | D:3      | Reached skill level 1 in Slings
  2492 | D:3      | Found a glowing drain.
  2534 | Sewer    | Entered a sewer
  2548 | Sewer    | Reached * piety under Sif Muna
  2943 | Sewer    | Slain by an adder

Levels and vault maps discovered:
D:1:      dpeg_arrival_pits, layout_basic, minmay_statues_item
D:2:      layout_loops_cross, first_ration, doesnt_xom_only_xom, uniq_terence
D:3:      layout_loops_corners, grunt_temple_overflow_magic_moments,
          overflow_temple_1_default, serial_undead, serial_undead_e,
          serial_undead_c, serial_undead_e, serial_undead_c, serial_undead_a,
          serial_undead_f, serial_undead_b, serial_undead_b, serial_undead_c,
          serial_undead_e, gup_sewer_entry_bubbles, kennysheep_okawaru_gauntlet,
          uniq_jessica
Sewer:    sewer_minmay_w

Skill      XL: |  1  2  3  4  5 |
---------------+----------------+-----
Spellcasting   | 3 4 |  4.2
Transmutations | 2 3 |  3.6
Dodging        | 4 |  4.7
Slings         | 1 |  1.2
Stealth        | |  3.0
Poison Magic   | |  3.9

Action                   |  1- 3 |  4- 6 || total
-------------------------+-------+-------++-------
Melee: Unarmed           |    15 |       ||    15
       Dagger            |    28 |    28 ||    56
 Fire: Hunting sling     |     5 |   167 ||   172
Throw: Throwing net      |       |     1 ||     1
 Cast: Sting             |     8 |       ||     8
       Poisonous Vapours |    31 |    34 ||    65
  Use: Potion            |       |     1 ||     1
  Eat: Ration            |       |     1 ||     1
Armor: Robe              |     7 |    12 ||    19
Dodge: Dodged            |    52 |   178 ||   230

Table legend:
 A = Non-vault XP
 B = Vault XP
 C = Vault XP percentage of total XP
 D = Non-vault monster count
 E = Vault monster count
 F = Vault count percentage of total count
                 A         B        C        D         E       F
            +---------+---------+-------+---------+---------+-------
      Total |     138 |     149 |  51.9 |      47 |      36 |  43.4
            +---------+---------+-------+---------+---------+-------
        D:1 |      45 |       0 |   0.0 |      23 |       0 |   0.0
        D:2 |      66 |      32 |  32.7 |      16 |       1 |   5.9
        D:3 |      27 |      71 |  72.4 |       8 |      16 |  66.7
      Sewer |       0 |      46 | 100.0 |       0 |      19 | 100.0
            +---------+---------+-------+---------+---------+-------
